 Dungeon Crawl Stone Soup version 0.20.1-1-g8b1a95d (webtiles) character file.

274 asishallab the Shield-Bearer (level 6, -4/47 HPs)
             Began as a Formicid Fighter on Dec 28, 2017.
             Slain by ceb's ghost (6 damage)
             ... on level 3 of the Dungeon.
             The game lasted 00:06:10 (2642 turns).

asishallab the Shield-Bearer (Formicid Fighter)     Turns: 2642, Time: 00:06:10

Health: -4/47      AC:  8    Str: 24 (25) XL:     6   Next: 49%
Magic:  6/6        EV:  8    Int:  8      God:
Gold:   91         SH: 10    Dex: 12      Spells: 5/5 levels left

rFire    x . .     SeeInvis +   a - +0 war axe
rCold    + . .     Gourm    .   c - +0 shield
rNeg     . . .     Faith    .   b - +0 scale mail
rPois    .         Spirit   .   (helmet unavailable)
rElec    .         Reflect  .   r - scarf {cloud immunity}
rCorr    .         Harm     .   o - +0 pair of gloves
MR       .....                  (no boots)
Stlth    ..........             (no amulet)
Regen    0.2/turn               m - ring of ice
MPRegen  0.1/turn               (no ring)

@: mighty
A: permanent stasis, dig shafts and tunnels, four strong arms, antennae 3
a: Dig, Shaft Self


You were on level 3 of the Dungeon.
You were not hungry.

You visited 1 branch of the dungeon, and saw 3 of its levels.

You collected 91 gold pieces.

Inventory:

Hand Weapons
 a - a +0 war axe (weapon)
Missiles
 e - 78 stones (quivered)
Armour
 b - a +0 scale mail (worn)
 c - a +0 shield (worn)
 n - a +0 cloak
 o - a +0 pair of gloves (worn)
 r - a scarf of cloud immunity (worn)
Jewellery
 m - a ring of ice (left hand)
Scrolls
 g - a scroll of recharging
 i - a scroll of fear {unknown}
 l - 3 scrolls of magic mapping
 p - a scroll of remove curse {unknown}
 t - a scroll of fog {unknown}
 u - 3 scrolls of enchant armour {unknown}
Potions
 q - a potion of ambrosia
 s - a potion of flight
Comestibles
 f - a bread ration
 h - 4 fruits
 j - 3 royal jellies
 k - 8 chunks of flesh


   Skills:
 - Level 3.2 Fighting
 * Level 5.3 Axes
 - Level 3.2 Armour
 + Level 5.5 Shields


You had 5 spell levels left.
You didn't know any spells.

Dungeon Overview and Level Annotations

Branches:
Dungeon (3/15)

Altars:
Xom

Annotations:
D:3 ceb's ghost, amateur DsGl


Innate Abilities, Weirdness & Mutations

You cannot be hasted, slowed, berserked, paralysed or teleported.
You can dig through walls and to a lower floor.
Your four strong arms can wield two-handed weapons with a shield.
You have a pair of large antennae on your head. (SInv)


Message History

You block ceb's ghost's attack.
You slash ceb's ghost!
Ceb's ghost is almost destroyed.
Ceb's ghost barely misses you.
You miss ceb's ghost.
Ceb's ghost is almost destroyed.
Ceb's ghost hits you but does no damage.
Ceb's ghost hits you!
* * * LOW HITPOINT WARNING * * *
You barely miss ceb's ghost.
Ceb's ghost is almost destroyed.
You block ceb's ghost's attack.
You miss ceb's ghost.
Ceb's ghost is almost destroyed.
Ceb's ghost shouts, "I was like you once."
Ceb's ghost hits you.
* * * LOW HITPOINT WARNING * * *
You feel very mighty all of a sudden. Ceb's ghost hits you.
You die...

# ###.#.....#.#
..........#.#
.###.##.###.# #.##.#
#.# #.##.# .# .
##.## .# .# #...# .#
###.###.#.##.# ####
#...((.((W@).#
...####.#(####.#####
.....##.#.# #.
.###..รท...# ## .#
#..#.### .#.#..#.#
.....<..# ##.#..###
#.#..#


You could see ceb's ghost.

Vanquished Creatures
  2 jellies (D:2)
  An orc wizard (D:3)
  2 orc priests (D:3)
  A gnoll (D:2)
  3 adders (D:2)
  An ooze (D:1)
  4 worms (D:2)
  3 dart slugs
  2 leopard geckos
  9 orcs (D:3)
  A ball python (D:2)
  A giant cockroach (D:1)
  5 goblins
  6 hobgoblins
  An iguana (D:2)
  7 kobolds
  4 bats
  5 frilled lizards
  7 rats
65 creatures vanquished.

Notes
Turn   | Place    | Note
-------+----------+-------------------------------------------
     0 | D:1      | asishallab the Formicid Fighter began the quest for the Orb.
     0 | D:1      | Reached XP level 1. HP: 18/18 MP: 1/1
   201 | D:1      | Reached XP level 2. HP: 23/24 MP: 2/2
   798 | D:1      | Reached XP level 3. HP: 17/29 MP: 3/3
  1367 | D:2      | Reached XP level 4. HP: 30/35 MP: 4/4
  1585 | D:2      | Found a shimmering altar of Xom.
  1603 | D:2      | Reached XP level 5. HP: 34/41 MP: 5/5
  1925 | D:2      | Reached skill level 5 in Shields
  2192 | D:3      | Reached XP level 6. HP: 12/47 MP: 6/6
  2198 | D:3      | Reached skill level 5 in Axes
  2615 | D:3      | Noticed ceb's ghost (amateur DsGl)
  2641 | D:3      | HP: 2/47 [ceb's ghost (5)]
  2642 | D:3      | Slain by ceb's ghost

Skill      XL: |  1  2  3  4  5  6 |
---------------+-------------------+-----
Shields        | 4 5 |  5.5
Axes           | 3 4 5 |  5.3
Fighting       | |  3.2
Armour         | |  3.2

Action                   |  1- 3 |  4- 6 || total
-------------------------+-------+-------++-------
Melee: War axe           |    93 |   143 ||   236
Throw: Stone             |     4 |    13 ||    17
  Use: Scroll            |     5 |       ||     5
       Potion            |     3 |     3 ||     6
  Eat: Chunk             |     2 |     4 ||     6
Armor: Scale mail        |    44 |    39 ||    83
Dodge: Dodged            |    24 |    43 ||    67
Block: Shield            |    57 |    56 ||   113
